 Dungeon Crawl Stone Soup version 0.24-a0-284-g9fb9971 (webtiles) character file.

Game seed: 11943845969289192729

9881 gruber the Thaumaturge (level 11, -4/86 HPs)
             Began as a Gnoll Skald on May 6, 2019.
             Was a High Priest of Okawaru.
             Slain by a six-headed hydra (5 damage)
             ... while petrified by a basilisk
             ... on level 1 of the Lair of Beasts.
             The game lasted 00:22:37 (9844 turns).

gruber the Thaumaturge (Gnoll Skald)                Turns: 9844, Time: 00:22:38

Health: -4/86      AC: 11    Str: 19    XL:     11   Next: 53%
Magic:  0/23       EV:  2    Int: 19    God:    Okawaru [*****.]
Gold:   769        SH:  0    Dex: 14    Spells: 12/26 levels left

rFire    + . .     SeeInvis +   t - +2 spear (vamp)
rCold    . . .     Gourm    .   c - +0 shield
rNeg     + + +     Faith    .   I - +2 leather armour {rF+}
rPois    ∞         Spirit   +   a - +2 hat
rElec    .         Reflect  .   L - scarf {Spirit}
rCorr    .         Harm     .   b - +0 pair of gloves
MR       .....                  o - +0 pair of boots
Stlth    +++++.....             (no amulet)
HPRegen  0.24/turn              K - ring of see invisible
MPRegen  0.18/turn              C - +5 ring of strength

@: lethally poisoned (-4 -> -4), petrified, heroism, singing
A: distributed training, fangs 1, strong nose
a: Heroism, Finesse, Renounce Religion


You were on level 1 of the Lair of Beasts.
You worshipped Okawaru.
Okawaru was extremely pleased with you.
You were very hungry.

You visited 3 branches of the dungeon, and saw 14 of its levels.

You collected 769 gold pieces.

Inventory:

Hand Weapons
 t - a +2 vampiric spear (weapon)
 O - a +2 glaive of flaming
Missiles
 w - 8 curare-tipped needles
 y - a throwing net (quivered)
 N - 8 silver javelins
Armour
 a - a +2 hat (worn)
 b - a +0 pair of gloves (worn)
 c - a +0 shield (worn)
 o - a +0 pair of boots (worn)
 I - a +2 leather armour of fire resistance (worn)
 L - a scarf of spirit shield (worn)
 M - the +1 plate armour of Umpuif {rCorr Int+2 Dex-3}
   (You found it on level 7 of the Dungeon)

   It affects your intelligence (+2).
   It affects your dexterity (-3).
   It provides partial protection from all sources of acid and corrosion.
 R - the +9 scales of the Dragon King {rPois rF+ rC+ MR+}
   (You found it on level 1 of the Lair of Beasts)

   It protects you from fire.
   It protects you from cold.
   It protects you from poison.
   It affects your resistance to hostile enchantments.
Jewellery
 z - an uncursed ring of stealth
 C - a +5 ring of strength (right hand)
 G - an uncursed ring of magical power
 K - a ring of see invisible (left hand)
Wands
 Q - a wand of acid (11)
Scrolls
 f - 2 scrolls of enchant armour {unknown}
 g - 2 scrolls of random uselessness {unknown}
 j - 4 scrolls of remove curse
 k - 3 scrolls of teleportation
 l - 5 scrolls of magic mapping {unknown}
 p - 6 scrolls of amnesia
 q - 3 scrolls of fear {unknown}
 r - 2 scrolls of blinking {unknown}
 s - a scroll of immolation {unknown}
 v - 4 scrolls of enchant weapon {unknown}
 F - 2 scrolls of fog {unknown}
 P - 2 scrolls of identify
Potions
 e - a potion of invisibility {unknown}
 h - a potion of agility
 i - 3 potions of might
 m - a potion of magic
 n - 3 potions of haste
 u - 2 potions of heal wounds
 x - 2 potions of flight
 A - a potion of brilliance {unknown}
 B - 6 potions of curing {unknown}
 D - 3 potions of mutation {unknown}
 E - a potion of lignification {unknown}
 H - 2 potions of resistance
 J - 2 potions of ambrosia {unknown}
Comestibles
 d - 21 rations


   Skills:
 + Level 7.8(12.8) Fighting
 + Level 6.2(11.2) Short Blades
 + Level 6.2(11.2) Long Blades
 + Level 6.2(11.2) Axes
 + Level 6.2(11.2) Maces & Flails
 + Level 7.8(12.8) Polearms
 + Level 6.2(11.2) Staves
 + Level 6.2(11.2) Slings
 + Level 6.2(11.2) Bows
 + Level 6.2(11.2) Crossbows
 + Level 6.2(11.2) Throwing
 + Level 6.8(11.8) Armour
 + Level 7.8(12.8) Dodging
 + Level 6.2(11.2) Stealth
 + Level 6.2(11.2) Shields
 + Level 6.2(11.2) Unarmed Combat
 + Level 8.1 Spellcasting
 + Level 5.2 Conjurations
 + Level 5.2 Hexes
 + Level 7.6 Charms
 + Level 5.2 Summonings
 + Level 5.2 Necromancy
 + Level 5.2 Translocations
 + Level 5.2 Transmutations
 + Level 5.2 Fire Magic
 + Level 5.2 Ice Magic
 + Level 5.2 Air Magic
 + Level 5.2 Earth Magic
 + Level 5.2 Poison Magic
 + Level 6.9 Invocations
 + Level 6.2 Evocations


You had 12 spell levels left.
You knew the following spells:

 Your Spells              Type           Power        Failure   Level  Hunger
a - Infusion              Chrm           ####         1%          1    None
b - Song of Slaying       Chrm           #####...     1%          2    None
c - Shroud of Golubria    Chrm/Tloc      ####......   1%          2    None
d - Regeneration          Chrm/Necr      ####......   3%          3    None
e - Spectral Weapon       Hex/Chrm       ####....     3%          3    None
f - Call Canine Familiar  Summ           ####....     6%          3    None

Your spell library contained the following spells:

 Spells                   Type           Power        Failure   Level  Hunger
 Animate Skeleton         Necr           N/A          1%          1    None
 Apportation              Tloc           ####..       1%          1    None
 Confusing Touch          Hex            ####..       1%          1    None
 Summon Small Mammal      Summ           ####         1%          1    None
 Call Imp                 Summ           ####....     3%          2    None
 Summon Guardian Golem    Hex/Summ       ####....     6%          3    None
 Summon Ice Beast         Ice/Summ       ####....     19%         4    ###....
 Summon Lightning Spire   Summ/Air       ####....     19%         4    ###....


Dungeon Overview and Level Annotations

Branches:
Dungeon (12/15)            Temple (1/1) D:4            Lair (1/6) D:11
    Orc (0/2) D:9

Altars:
Ashenzari
Cheibriados
Dithmenos
Elyvilon
Fedhas
Gozag
Hepliaklqana
Kikubaaqudgha
Makhleb
Nemelex Xobeh
Okawaru
Qazlal
Ru
Sif Muna
Trog
Uskayaw
Vehumet
Wu Jian
Xom
Yredelemnul
Zin
The Shining One

Annotations:
D:6 3 runed translucent doors, eyesofgods1's ghost, novice NaGl
D:7 Prince Ribbit
D:9 1 runed translucent door
D:12 Frances


Innate Abilities, Weirdness & Mutations

Your experience applies equally to all skills.
You have very sharp teeth.
Your uncanny sense of smell can sniff out nearby items.


Message History

A hippogriff comes into view.
Found a scroll labeled TELITS AKKOR and 13 gold pieces.
A komodo dragon and a hydra come into view.
The six-headed hydra roars!
The komodo dragon hisses angrily.
The hippogriff screeches!
The komodo dragon bites you!
* * * LOW HITPOINT WARNING * * *
The six-headed hydra bites you.
* * * LOW HITPOINT WARNING * * *
The six-headed hydra bites you but does no damage. x2
The six-headed hydra bites you.
* * * LOW HITPOINT WARNING * * *
The six-headed hydra bites you.
* * * LOW HITPOINT WARNING * * *
The six-headed hydra bites you. The komodo dragon bites you!
* * * LOW HITPOINT WARNING * * *
The six-headed hydra bites you!
* * * LOW HITPOINT WARNING * * *
The six-headed hydra bites you!
You die...

.... .... ..$.. ##
#.....
.###.####P.....
.............?.
......l........
..H...D@.......
..##..#.##..... #..
... ... ... ....# .
..# ...... .
......#. #......+.
.....#............#
# ...........#


You could see a six-headed hydra, a komodo dragon and a hippogriff.

Vanquished Creatures
  Gastronok (D:8)
  Pikel (D:7)
  A deep elf mage (D:8)
  A gargoyle (D:10)
  2 centaur skeletons
  A hornet (D:9)
  3 blink frogs (Lair:1)
  A spriggan (D:11)
  A wraith (D:11)
  Grum (D:8)
  2 acid dragons (D:11)
  A soldier ant (D:10)
  2 water moccasins
  3 orc warriors
  4 porcupines (Lair:1)
  4 ice beasts
  2 phantoms (D:5)
  4 sky beasts
  A black bear (D:10)
  2 necrophages
  2 wolves (D:8)
  2 ogres
  2 centaurs
  A crocodile (Lair:1)
  2 big kobolds
  4 bullfrogs
  2 scorpions
  15 killer bees
  3 crimson imps
  2 howler monkeys (D:11)
  A quasit (D:10)
  3 jellies
  A bullfrog zombie (D:10)
  A centaur zombie (D:10)
  7 hounds
  4 orc priests
  3 bullfrog skeletons
  2 iguanas
  4 orc wizards
  5 worker ants
  A hound skeleton (D:4)
  A worker ant zombie (D:7)
  Robin (D:3)
  10 gnolls
  16 adders
  6 oozes (D:1)
  An adder skeleton (D:4)
  2 worms
  3 dart slugs
  5 leopard geckos
  32 orcs
  11 bats
  7 giant cockroaches
  12 goblins
  11 hobgoblins
  14 jackals
  A quokka (D:10)
  5 frilled lizards
  17 kobolds
  A quokka skeleton (D:8)
  2 quokka zombies
  13 rats
276 creatures vanquished.

Vanquished Creatures (others)
  A sky beast (D:7)
  4 slaves (D:7)
  A centaur (D:7)
  4 plants (Lair:1)
  7 spectral weapons
17 creatures vanquished.

Grand Total: 293 creatures vanquished

Notes
Turn   | Place    | Note
-------+----------+-------------------------------------------
     0 | D:1      | gruber the Gnoll Skald began the quest for the Orb.
     0 | D:1      | Reached XP level 1. HP: 20/20 MP: 6/6
     1 | D:1      | Found a runed translucent door.
    77 | D:1      | Reached XP level 2. HP: 25/26 MP: 3/7
   233 | D:1      | Learned a level 2 spell: Song of Slaying
   236 | D:1      | Learned a level 2 spell: Shroud of Golubria
   506 | D:1      | Reached skill level 5 in Spellcasting
   506 | D:1      | Reached XP level 3. HP: 31/31 MP: 7/9
   532 | D:1      | Reached skill level 1 in Invocations
   541 | D:1      | Reached skill level 1 in Short Blades
   541 | D:1      | Reached skill level 1 in Long Blades
   541 | D:1      | Reached skill level 1 in Axes
   541 | D:1      | Reached skill level 1 in Maces & Flails
   541 | D:1      | Reached skill level 1 in Staves
   541 | D:1      | Reached skill level 1 in Slings
   541 | D:1      | Reached skill level 1 in Bows
   541 | D:1      | Reached skill level 1 in Crossbows
   541 | D:1      | Reached skill level 1 in Throwing
   541 | D:1      | Reached skill level 1 in Stealth
   541 | D:1      | Reached skill level 1 in Shields
   541 | D:1      | Reached skill level 1 in Unarmed Combat
   541 | D:1      | Reached skill level 1 in Evocations
   548 | D:1      | Reached XP level 4. HP: 31/38 MP: 0/11
   877 | D:1      | Learned a level 3 spell: Regeneration
   881 | D:1      | Learned a level 3 spell: Spectral Weapon
   932 | D:2      | Reached skill level 1 in Conjurations
   932 | D:2      | Reached skill level 1 in Hexes
   932 | D:2      | Reached skill level 1 in Summonings
   932 | D:2      | Reached skill level 1 in Necromancy
   932 | D:2      | Reached skill level 1 in Translocations
   932 | D:2      | Reached skill level 1 in Transmutations
   932 | D:2      | Reached skill level 1 in Fire Magic
   932 | D:2      | Reached skill level 1 in Ice Magic
   932 | D:2      | Reached skill level 1 in Air Magic
   932 | D:2      | Reached skill level 1 in Earth Magic
   932 | D:2      | Reached skill level 1 in Poison Magic
   976 | D:2      | Reached XP level 5. HP: 35/43 MP: 9/12
  1305 | D:2      | Found a glowing silver altar of Zin.
  1629 | D:3      | Found a faded altar of an unknown god.
  1674 | D:3      | Reached XP level 6. HP: 21/50 MP: 9/13
  2019 | D:3      | Found a white marble altar of Elyvilon.
  2076 | D:3      | Noticed Robin
  2107 | D:3      | Killed Robin
  2361 | D:4      | Found a sacrificial altar of Ru.
  2361 | D:4      | Found an ornate altar of the Wu Jian Council.
  2363 | D:4      | Found a basalt altar of Yredelemnul.
  2367 | D:4      | Found a shimmering altar of Xom.
  2367 | D:4      | Found a bloodstained altar of Trog.
  2373 | D:4      | Found a deep blue altar of Sif Muna.
  2373 | D:4      | Found a radiant altar of Vehumet.
  2381 | D:4      | Found a staircase to the Ecumenical Temple.
  2402 | D:4      | Reached skill level 5 in Fighting
  2402 | D:4      | Reached skill level 5 in Polearms
  2402 | D:4      | Reached skill level 5 in Dodging
  2415 | Temple   | Entered the Ecumenical Temple
  2575 | Temple   | Became a worshipper of Warmaster Okawaru
  3233 | D:5      | Entered Level 5 of the Dungeon
  3318 | D:5      | Noticed a phantom
  3338 | D:5      | Killed a phantom
  3338 | D:5      | Reached XP level 7. HP: 32/56 MP: 5/15
  3535 | D:5      | Found a blossoming altar of Fedhas.
  3598 | D:5      | Found a stormy altar of Qazlal.
  4123 | D:5      | Reached * piety under Okawaru
  4459 | D:6      | Reached XP level 8. HP: 26/63 MP: 13/16
  4610 | D:6      | Found an opulent altar of Gozag.
  4779 | D:6      | Reached skill level 6 in Spellcasting
  4863 | D:6      | Found a runed translucent gate.
  4864 | D:6      | Found a runed translucent gate.
  4864 | D:6      | Found a runed translucent gate.
  4868 | D:6      | Noticed eyesofgods1's ghost (novice NaGl)
  5135 | D:7      | Noticed Pikel
  5152 | D:7      | Killed Pikel
  5152 | D:7      | Reached XP level 9. HP: 69/69 MP: 12/18
  5209 | D:7      | Noticed Prince Ribbit
  5377 | D:8      | Reached ** piety under Okawaru
  5582 | D:8      | Found a snail-covered altar of Cheibriados.
  5645 | D:8      | Reached skill level 5 in Armour
  5649 | D:8      | Noticed Gastronok
  5667 | D:8      | Killed Gastronok
  5667 | D:8      | Reached *** piety under Okawaru
  5667 | D:8      | Reached skill level 5 in Short Blades
  5667 | D:8      | Reached skill level 5 in Long Blades
  5667 | D:8      | Reached skill level 5 in Axes
  5667 | D:8      | Reached skill level 5 in Maces & Flails
  5667 | D:8      | Reached skill level 5 in Staves
  5667 | D:8      | Reached skill level 5 in Slings
  5667 | D:8      | Reached skill level 5 in Bows
  5667 | D:8      | Reached skill level 5 in Crossbows
  5667 | D:8      | Reached skill level 5 in Throwing
  5667 | D:8      | Reached skill level 5 in Stealth
  5667 | D:8      | Reached skill level 5 in Shields
  5667 | D:8      | Reached skill level 5 in Unarmed Combat
  5667 | D:8      | Reached skill level 7 in Spellcasting
  5667 | D:8      | Reached skill level 5 in Invocations
  5667 | D:8      | Reached skill level 5 in Evocations
  5667 | D:8      | Reached XP level 10. HP: 28/77 MP: 14/20
  5670 | D:8      | Reached **** piety under Okawaru
  5944 | D:8      | Received a gift from Okawaru
  6014 | D:8      | Found a bloodstained altar of Trog.
  6014 | D:8      | Noticed a deep elf mage
  6029 | D:8      | Killed a deep elf mage
  6070 | D:8      | Noticed Grum
  6093 | D:8      | Killed Grum
  6104 | D:8      | Received a gift from Okawaru
  6442 | D:7      | Got a distressingly furry plate armour
  6443 | D:7      | Identified the +1 plate armour of Umpuif {rCorr Int+2
                  | Dex-3} (You found it on level 7 of the Dungeon)
  6954 | D:9      | Found a shadowy altar of Dithmenos.
  7328 | D:9      | Found a staircase to the Orcish Mines.
  7360 | D:9      | Found a runed translucent door.
  7360 | D:9      | Noticed a centaur warrior
  7360 | D:9      | Noticed a deep elf knight
  7360 | D:9      | Noticed a stone giant
  7361 | D:9      | Noticed a centaur warrior
  7362 | D:9      | Noticed a phantasmal warrior
  7362 | D:9      | Noticed a frost giant
  7362 | D:9      | Noticed a deep elf mage
  7362 | D:9      | Noticed a glowing orange brain
  7482 | D:10     | Entered Level 10 of the Dungeon
  7538 | D:10     | Reached ***** piety under Okawaru
  7605 | D:10     | Reached XP level 11. HP: 84/84 MP: 20/22
  7826 | D:10     | Received a gift from Okawaru
  8738 | D:11     | Reached skill level 5 in Conjurations
  8738 | D:11     | Reached skill level 5 in Hexes
  8738 | D:11     | Reached skill level 5 in Summonings
  8738 | D:11     | Reached skill level 5 in Necromancy
  8738 | D:11     | Reached skill level 5 in Translocations
  8738 | D:11     | Reached skill level 5 in Transmutations
  8738 | D:11     | Reached skill level 5 in Fire Magic
  8738 | D:11     | Reached skill level 5 in Ice Magic
  8738 | D:11     | Reached skill level 5 in Air Magic
  8738 | D:11     | Reached skill level 5 in Earth Magic
  8738 | D:11     | Reached skill level 5 in Poison Magic
  8914 | D:11     | Found a staircase to the Lair.
  8922 | D:11     | Found a sparkling altar of Nemelex Xobeh.
  9035 | D:11     | Reached skill level 8 in Spellcasting
  9049 | D:11     | Received a gift from Okawaru
  9486 | D:11     | Learned a level 3 spell: Call Canine Familiar
  9498 | D:12     | Noticed Frances
  9544 | Lair:1   | Entered Level 1 of the Lair of Beasts
  9776 | Lair:1   | Found the +9 scales of the Dragon King {rPois rF+ rC+ MR+}
  9842 | Lair:1   | Noticed a six-headed hydra
  9844 | Lair:1   | HP: 1/86 [six-headed hydra (4)]
  9844 | Lair:1   | Slain by a six-headed hydra

Levels and vault maps discovered:
D:1:      dpeg_arrival_caged_fury, layout_basic, minmay_tromino_i2
D:2:      layout_basic, lemuel_doored_altar, first_ration
D:3:      layout_loops_ring, elyvilon_altar_3, chequers_ecumenical_altar_island,
          grunt_ministairs_11, corexii_item_surrounded_by_moat, uniq_robin
D:4:      layout_gridville, grunt_temple_overflow_open,
          minmay_temple_entry_butterflies, minmay_ruptured
D:5:      layout_loops_corners, fedhas_altar_1, nicolae_qazlal_eye_of_the_storm
D:6:      kennysheep_big_flooded_room, layout_loops_cross, grunt_gozag_statues,
          ebering_ghost_rock_garden, kennysheep_pointless_box
D:7:      layout_rooms, uniq_prince_ribbit1, uniq_pikel
D:8:      layout_rooms, basic_altar, david_defended_altar_elf, uniq_grum,
          uniq_gastronok
D:9:      minmay_gate_of_8, layout_basic, grunt_dithmenos_smoke_and_mirrors
D:10:     wander_river, layout_cave_pods
D:11:     layout_irregular_city, lair_entry_dummy, basic_altar, the_bakery
D:12:     layout_rooms, uniq_frances
Temple:   dpeg_chambers_temple
Lair:1:   layout_regular_city, basic_altar, beast_lair_carwin_11,
          infiniplex_staircase_pool, grunt_megastairs_4,
          minmay_lair_oklob_chamber

Skill      XL: |  1  2  3  4  5  6  7  8  9 10 11 |
---------------+----------------------------------+-----
Spellcasting   | 5 6 7 8 |  8.1
Invocations    | 1 2 3 4 5 6 |  6.9
Short Blades   | 1 2 3 5 6 |  6.2
Long Blades    | 1 2 3 5 6 |  6.2
Axes           | 1 2 3 5 6 |  6.2
Maces & Flails | 1 2 3 5 6 |  6.2
Staves         | 1 2 3 5 6 |  6.2
Slings         | 1 2 3 5 6 |  6.2
Bows           | 1 2 3 5 6 |  6.2
Crossbows      | 1 2 3 5 6 |  6.2
Throwing       | 1 2 3 5 6 |  6.2
Stealth        | 1 2 3 5 6 |  6.2
Shields        | 1 2 3 5 6 |  6.2
Unarmed Combat | 1 2 3 5 6 |  6.2
Evocations     | 1 2 3 5 6 |  6.2
Conjurations   | 1 2 3 4 5 |  5.2
Hexes          | 1 2 3 4 5 |  5.2
Summonings     | 1 2 3 4 5 |  5.2
Necromancy     | 1 2 3 4 5 |  5.2
Translocations | 1 2 3 4 5 |  5.2
Transmutations | 1 2 3 4 5 |  5.2
Fire Magic     | 1 2 3 4 5 |  5.2
Ice Magic      | 1 2 3 4 5 |  5.2
Air Magic      | 1 2 3 4 5 |  5.2
Earth Magic    | 1 2 3 4 5 |  5.2
Poison Magic   | 1 2 3 4 5 |  5.2
Armour         | 3 4 5 6 |  6.8
Fighting       | 5 6 7 |  7.8
Polearms       | 5 6 7 |  7.8
Dodging        | 5 6 7 |  7.8
Charms         | 6 7 |  7.6

Action                   |  1- 3 |  4- 6 |  7- 9 | 10-12 || total
-------------------------+-------+-------+-------+-------++-------
Melee: Spear             |   108 |   304 |   235 |   472 ||  1119
       Bite              |    11 |    24 |    33 |    34 ||   102
       Punch             |       |     3 |     1 |     8 ||    12
       Glaive            |       |       |       |    11 ||    11
 Cast: Infusion          |     5 |       |     1 |     1 ||     7
       Song of Slaying   |     1 |       |     7 |     8 ||    16
       Spectral Weapon   |       |    23 |    19 |    40 ||    82
       Regeneration      |       |     2 |     1 |     6 ||     9
       Shroud of Golubri |       |     2 |     1 |     3 ||     6
       Call Canine Famil |       |       |       |     1 ||     1
Invok: Heroism           |       |       |     2 |     5 ||     7
  Use: Scroll            |       |       |     7 |     6 ||    13
 Stab: Sleeping          |     1 |     5 |     7 |     6 ||    19
       Distracted        |       |     3 |     2 |     9 ||    14
  Eat: Chunk             |       |     8 |     5 |     8 ||    21
       Ration            |       |     1 |     2 |     3 ||     6
Armor: Leather armour    |    19 |    25 |    49 |    64 ||   157
Dodge: Dodged            |    81 |   134 |   102 |   218 ||   535
Block: Shield            |       |       |       |    55 ||    55

Table legend:
 A = Non-vault XP
 B = Vault XP
 C = Vault XP percentage of total XP
 D = Non-vault monster count
 E = Vault monster count
 F = Vault count percentage of total count
                 A         B        C        D         E       F
            +---------+---------+-------+---------+---------+-------
      Total |    9111 |    5006 |  35.5 |     228 |      50 |  18.0
            +---------+---------+-------+---------+---------+-------
        D:1 |      39 |      65 |  62.5 |      22 |      19 |  46.3
        D:2 |     137 |       0 |   0.0 |      30 |       0 |   0.0
        D:3 |     112 |      40 |  26.3 |      18 |      14 |  43.8
        D:4 |      72 |      26 |  26.5 |      10 |       3 |  23.1
        D:5 |     451 |       0 |   0.0 |      11 |       0 |   0.0
        D:6 |     641 |     132 |  17.1 |      22 |       2 |   8.3
        D:7 |     366 |     641 |  63.7 |      11 |       1 |   8.3
        D:8 |    1597 |    3235 |  66.9 |      26 |       5 |  16.1
        D:9 |    1146 |       0 |   0.0 |      23 |       0 |   0.0
       D:10 |    2561 |       0 |   0.0 |      37 |       0 |   0.0
       D:11 |    1232 |     205 |  14.3 |      15 |       1 |   6.2
     Lair:1 |     757 |     662 |  46.7 |       3 |       5 |  62.5
            +---------+---------+-------+---------+---------+-------
